 Dungeon Crawl Stone Soup version 0.30-a0-12-gd8047c6341 (webtiles) character file.

Game seed: 5247269066522749857

453 Flugkiller the Chopper (level 6, -1/56 HPs)
             Began as a Minotaur Fighter on Aug 23, 2022.
             Was an Initiate of Cheibriados.
             Slain by a sky beast (5 damage)
             ... on level 5 of the Dungeon.
             The game lasted 00:01:39 (4313 turns).

Flugkiller the Chopper (Minotaur Fighter)           Turns: 4313, Time: 00:01:40

Health: -1/56      AC:  8    Str: 22    XL:     6   Next: 75%
Magic:  5/6        EV:  9    Int:  6    God:    Cheibriados [......]
Gold:   199        SH:  4    Dex: 12    Spells: 5/5 levels left

rFire   . . .      SeeInvis .    a - +0 war axe
rCold   . . .      Faith    .    c - +0 buckler
rNeg    . . .      Spirit   .    b - +0 scale mail
rPois   .          Reflect  .    (helmet restricted)
rElec   .          Harm     .    (no cloak)
rCorr   .          Rampage  .    (no gloves)
Will    .....                    m - +0 pair of boots
Stlth   ..........               i - amulet of regeneration
HPRegen 0.98/turn                (no ring)
MPRegen 0.10/turn                (no ring)

@: very slow
A: horns 2, retaliatory headbutt
a: Renounce Religion


You were on level 5 of the Dungeon.
You worshipped Cheibriados.
Cheibriados was noncommittal.
You visited 2 branches of the dungeon, and saw 6 of its levels.

You collected 199 gold pieces.

Inventory:

Hand Weapons
 a - a +0 war axe (weapon)
Armour
 b - a +0 scale mail (worn)
 c - a +0 buckler (worn)
 m - a +0 pair of boots (worn)
   (You found it on level 2 of the Dungeon)
Jewellery
 f - a ring of fire
   (You found it on level 1 of the Dungeon)
 i - an amulet of regeneration (around neck)
   (You found it on level 1 of the Dungeon)
 v - a ring of ice
   (You found it on level 4 of the Dungeon)
 x - an amulet of magic regeneration
   (You found it on level 5 of the Dungeon)
Scrolls
 g - 2 scrolls of fog {unknown}
 h - 2 scrolls of identify {unknown}
 j - 2 scrolls of teleportation {unknown}
 p - 2 scrolls of amnesia {unknown}
 s - a scroll of magic mapping {unknown}
 t - a scroll of blinking {unknown}
 u - a scroll of enchant weapon {unknown}
Potions
 d - 2 potions of might
 e - 4 potions of attraction {unknown}
 k - a potion of haste {unknown}
 l - a potion of heal wounds {unknown}
 n - a potion of flight {unknown}
 o - a potion of invisibility {unknown}
 q - 4 potions of curing {unknown}
 r - a potion of brilliance {unknown}
 w - a potion of resistance {unknown}


   Skills:
 + Level 5.4 Fighting
 * Level 6.2 Axes
 + Level 5.4 Armour
 - Level 3.6 Shields
 + Level 1.6 Invocations


You had 5 spell levels left.
You didn't know any spells.
Your spell library was empty.

Dungeon Overview and Level Annotations

Branches:
Dungeon (5/15)             Temple (1/1) D:4

Altars:
Ashenzari
Cheibriados
Dithmenos
Elyvilon
Fedhas
Kikubaaqudgha
Makhleb
Nemelex Xobeh
Okawaru
Qazlal
Sif Muna
Trog
Xom
Yredelemnul

Shops:
D:1 (


Innate Abilities, Weirdness & Mutations

You have a pair of horns on your head.
You reflexively headbutt those who attack you in melee.


Message History

You open the door.
A phantom, a sky beast and a white imp come into view.
The white imp shouts, "Go and return not, thou spongy onion-eyed pustule!"
You hear an angry hiss.
The white imp moves out of view.
There is an open door here.
There are monsters nearby!
An ogre and an iguana come into view.
The iguana hisses angrily.
The iguana moves out of view.
The sky beast flickers out of sight!
Deactivating autopickup; reactivate with Ctrl-A.
Something hits you but does no damage.
You closely miss something. The white imp gestures at you.
The puff of frost hits something!
Something hits you but does no damage.
You hit something.
The iguana hisses menacingly.
Something hits you. Something shocks you.
You closely miss the iguana. You headbutt the iguana.
The iguana is moderately wounded.
You slash the white imp!
You kill the white imp!
Cheibriados appreciates the change of pace.
You closely miss something.
The iguana bites you but does no damage.
A sky beast appears from thin air!
Reactivating autopickup.
The sky beast hits you. The sky beast shocks you.
Your Axes skill increases to level 6!
You barely miss the sky beast.
The sky beast is heavily wounded.
You hit the phantom but do no damage. You hit the iguana. The phantom hits you.
The phantom blinks!
The iguana bites you.
The sky beast hits you but does no damage.
The phantom hits you.
The phantom blinks!
You blink.
The sky beast flickers out of sight!
Deactivating autopickup; reactivate with Ctrl-A.
You hit the phantom but do no damage. The phantom hits you.
The phantom blinks!
You blink.
You slash the phantom!
The phantom is heavily damaged.
You closely miss something. You block the phantom's attack.
Something hits you but does no damage.
You barely miss the phantom.
The phantom is heavily damaged.
You completely miss something. You completely miss the iguana.
The phantom hits you but does no damage.
The iguana bites you! Something hits you but does no damage.
You closely miss the phantom. Your headbutt misses the phantom.
The phantom is heavily damaged.
You hit the iguana. You miss something.
The phantom hits you but does no damage.
The iguana barely misses you. Something hits you but does no damage.
The phantom hits you. The ogre barely misses you.
You block the iguana's attack. Something hits you. Something shocks you.
You are too injured to fight recklessly!
You are too injured to fight recklessly!
You are too injured to fight recklessly!
Unknown command.
You hit the ogre. You headbutt the ogre.
The ogre is moderately wounded.
You barely miss the phantom. You barely miss something.
You hit the iguana but do no damage. You block the phantom's attack.
The iguana barely misses you. Something hits you but does no damage.
You slash the ogre! You headbutt the ogre.
You kill the ogre!
Cheibriados appreciates the change of pace.
You hit something. You hit the iguana but do no damage. You slash the phantom!
The phantom hits you. You block the iguana's attack.
Something hits you but does no damage. The phantom hits you.
A sky beast appears from thin air!
Reactivating autopickup.
The sky beast hits you.
* * * LOW HITPOINT WARNING * * *
The sky beast shocks you.
* * * LOW HITPOINT WARNING * * *
Things that are here:
a +0 giant club; an ogre corpse You hit the sky beast but do no damage.
Your headbutt misses the sky beast.
The sky beast is heavily wounded.
You hit the phantom but do no damage. You hit the iguana.
The phantom closely misses you. The iguana bites you.
* * * LOW HITPOINT WARNING * * *
The sky beast hits you but does no damage. x2
The phantom barely misses you. You furiously retaliate!
You headbutt the phantom. The iguana barely misses you.
You furiously retaliate!
You headbutt the iguana, but do no damage.
You closely miss the sky beast.
The sky beast is heavily wounded.
You hit the iguana.
You kill the iguana!
Cheibriados thoroughly appreciates the change of pace.
You hit the phantom.
The phantom hits you but does no damage.
The sky beast hits you.
* * * LOW HITPOINT WARNING * * *
The sky beast shocks you.
You die...

#....# ... #.##..##....
.....### #.#
#........... .....#.#
#.###...##......
##.#...#
#.'....####..._. #.#####
#.####..##...... #.#
##.## #.......... #.#
##...#####..##.... #.###
..#####.....####.###..#.
#...#
.......@Y#..#....##..###
#####
..#####W†...####.....###
##...##...## #.##...#.
##.....##### #.#......
#..........#####.#.#####
#.##.....####.......#
#....[...# #.##.##.#
#.##.....# #....##.#
###.##.....# #..####.#


You could see a sky beast and a phantom.

Vanquished Creatures
  A sky beast (D:5)
  An ogre (D:5)
  A howler monkey (D:5)
  Terence (D:3)
  2 iguanas (D:5)
  2 orc wizards (D:4)
  4 adders
  2 white imps (D:5)
  A worm (D:4)
  3 dart slugs
  5 orcs
  6 ball pythons
  3 endoplasms
  7 giant cockroaches
  8 goblins
  5 hobgoblins
  5 jackals
  7 kobolds
  A quokka (D:1)
  5 bats (D:2)
  2 frilled lizards
  9 rats
81 creatures vanquished.

Vanquished Creatures (others)
  A bush (D:5)
1 creature vanquished.

Grand Total: 82 creatures vanquished

Notes
Turn   | Place    | Note
-------+----------+-------------------------------------------
     0 | D:1      | Flugkiller the Minotaur Fighter began the quest for the
                  | Orb.
     0 | D:1      | Reached XP level 1. HP: 19/19 MP: 0/0
   124 | D:1      | Reached skill level 3 in Axes
   124 | D:1      | Reached XP level 2. HP: 27/27 MP: 1/1
   242 | D:1      | Found Felaroet's Weapon Emporium.
   415 | D:1      | Reached XP level 3. HP: 33/33 MP: 2/2
   631 | D:1      | Found a faded altar of an unknown god.
   956 | D:2      | Reached skill level 4 in Axes
  1005 | D:2      | Reached XP level 4. HP: 37/40 MP: 3/3
  1884 | D:3      | Found a bloodstained altar of Trog.
  2082 | D:3      | Noticed Terence
  2097 | D:3      | Killed Terence
  2396 | D:3      | Found a burning altar of Makhleb.
  2849 | D:4      | Reached XP level 5. HP: 31/47 MP: 4/4
  2851 | D:4      | Reached skill level 5 in Axes
  3470 | D:4      | Found a staircase to the Ecumenical Temple.
  3601 | Temple   | Entered the Ecumenical Temple
  3799 | Temple   | Became a worshipper of Cheibriados the Contemplative
  3836 | D:5      | Entered Level 5 of the Dungeon
  3836 | D:5      | Noticed a centaur
  4043 | D:5      | Reached skill level 5 in Armour
  4078 | D:5      | Noticed a sky beast
  4086 | D:5      | Killed a sky beast
  4087 | D:5      | Reached skill level 5 in Fighting
  4087 | D:5      | Reached skill level 1 in Invocations
  4087 | D:5      | Reached XP level 6. HP: 46/56 MP: 5/5
  4131 | D:5      | Found a shadowy altar of Dithmenos.
  4298 | D:5      | Noticed a sky beast
  4304 | D:5      | Reached skill level 6 in Axes
  4313 | D:5      | Slain by a sky beast

Illustrated notes

Levels and vault maps discovered:
D:1:      lightli_arrival_farm, layout_loops_ring,
          ebering_ecumenical_altar_petrified, serial_shops, shop,
          minmay_split_cup_large
D:2:      layout_loops_ring
D:3:      layout_loops_corners, mainiacjoe_overflow_concentric_impassable,
          mainiacjoe_overflow_alcove_4, uniq_terence
D:4:      layout_cave_pods, minmay_temple_entry_enclosed_plants
D:5:      minmay_octagon_keep, layout_loops_cross,
          nicolae_dithmenos_shadow_blocks, kb_lookout_dungeons_type
Temple:   grunt_temple_mini_profane

Skill      XL: |  1  2  3  4  5  6 |
---------------+-------------------+-----
Axes           | 3 4 5 6 |  6.2
Armour         | 4 5 |  5.4
Fighting       | 4 5 |  5.4
Invocations    | 1 |  1.6
Shields        | |  3.6

Action                   |  1- 3 |  4- 6 || total
-------------------------+-------+-------++-------
Melee: War axe           |    71 |   106 ||   177
       Headbutt          |     7 |    15 ||    22
Armor: Scale mail        |    38 |    47 ||    85
Dodge: Dodged            |    31 |    45 ||    76
Block: Buckler           |    14 |    22 ||    36

Table legend: (Time is in decaauts)
 A = Elapsed time spent in this place.
 B = Non-inter-level travel time spent in this place.
 C = Inter-level travel time spent in this place.
 D = Time resting spent in this place.
 E = Time spent auto-exploring this place.
 F = Levels seen in this place.
 G = Mean time per level.
                   A        B        C        D        E       F      G
               +--------+--------+--------+--------+--------+-----+--------+
         Total |   4512 |   4311 |    201 |    325 |   3475 |   6 |  752.0 |
       Dungeon |   4295 |   4135 |    160 |    325 |   3306 |   5 |  859.0 |
        Temple |    217 |    177 |     40 |      0 |    169 |   1 |  217.0 |
               +--------+--------+--------+--------+--------+-----+--------+

Top non-repeatable levels by time:
     D:3: 1178 daAuts
     D:1: 971 daAuts
     D:4: 899 daAuts
     D:2: 648 daAuts
     D:5: 596 daAuts
  Temple: 217 daAuts
